[ AOE2 MATCH · #495401623 ]
UnrankedAztecs vs Ethiopians
Player's team · LOSS
[ REPLAY ANALYSIS · EXTRACTED FROM THE RECORDED GAME ]
Feudal
11:23
Castle
24:37
Imperial
—
| APM avg | 88.6 |
| APM peak | 137 |
| eAPM avg | 43.9 |
| Villagers / military | 77 / 99 |
Focus
⚔️ 50.5% · 🌾 49.5%
Eagle Scout ×46 · Militia ×24 · Skirmisher ×19 · Archer ×6 · Mangonel ×4
Feudal
12:10
Castle
19:51
Imperial
—
| APM avg | 63.0 |
| APM peak | 88 |
| eAPM avg | 23.5 |
| Villagers / military | 98 / 83 |
Focus
⚔️ 45.9% · 🌾 54.1%
Archer ×81 · Battering Ram ×2
Match map
Initial resources + every placement click. Lines = walls · curves = elevation contours. ◆ gold · ⬟ stone · ● berries · ✦ relic · ◌ wall gap
Your base· Open — unwalled flank
Pato Lucas's base· Open — 6t gap
Smoothed initial terrain · ◌ = detected wall gap · hover for details
Inputs per minute
— SVTT | Альпинист - - Pato Lucas
Build order — SVTT | Альпинист
First 150 of 266 actions detected
| 0:01 | Queue | Villager (Male) |
| 0:01 | Queue | Villager (Male) |
| 0:02 | Build | House |
| 0:02 | Queue | Villager (Male) |
| 0:03 | Build | House |
| 0:04 | Queue | Villager (Male) |
| 1:25 | Queue | Villager (Male) |
| 1:25 | Queue | Villager (Male) |
| 1:58 | Queue | Villager (Male) |
| 2:32 | Build | Barracks |
| 2:34 | Queue | Villager (Male) |
| 2:48 | Build | Palisade Wall |
| 2:51 | Build | Palisade Wall |
| 3:03 | Queue | Villager (Male) |
| 3:25 | Queue | Villager (Male) |
| 3:25 | Queue | Villager (Male) |
| 3:41 | Build | House |
| 3:49 | Queue | Villager (Male) |
| 3:49 | Queue | Villager (Male) |
| 4:08 | Queue | Militia |
| 4:08 | Queue | Militia |
| 4:24 | Build | House |
| 4:29 | Queue | Villager (Male) |
| 4:29 | Queue | Villager (Male) |
| 4:29 | Queue | Villager (Male) |
| 4:36 | Queue | Villager (Male) |
| 4:36 | Queue | Villager (Male) |
| 4:43 | Queue | Militia |
| 4:43 | Queue | Militia |
| 5:15 | Queue | Villager (Male) |
| 5:25 | Queue | Militia |
| 5:26 | Queue | Militia |
| 5:33 | Queue | Villager (Male) |
| 5:33 | Queue | Villager (Male) |
| 5:44 | Build | House |
| 6:12 | Queue | Militia |
| 6:13 | Queue | Militia |
| 6:13 | Queue | Militia |
| 6:18 | Queue | Villager (Male) |
| 6:18 | Queue | Villager (Male) |
| 6:18 | Queue | Villager (Male) |
| 6:28 | Build | Mill |
| 6:44 | Queue | Villager (Male) |
| 6:45 | Queue | Villager (Male) |
| 6:48 | Queue | Villager (Male) |
| 6:48 | Queue | Villager (Male) |
| 7:07 | Queue | Militia |
| 7:13 | Queue | Villager (Male) |
| 7:13 | Queue | Villager (Male) |
| 7:13 | Queue | Villager (Male) |
| 7:40 | Build | Lumber Camp |
| 7:44 | Queue | Villager (Male) |
| 8:36 | Research | Loom |
| 8:37 | Research | Loom |
| 9:10 | Research | Feudal Age |
| 9:11 | Research | Feudal Age |
| 9:21 | Build | Mining Camp |
| 9:23 | Queue | Militia |
| 9:23 | Queue | Militia |
| 10:07 | Build | House |
| 10:21 | Queue | Villager (Male) |
| 10:35 | Build | House |
| 10:56 | Queue | Villager (Male) |
| 11:23 | Age | Feudal Age |
| 11:26 | Build | Watch Tower |
| 11:28 | Build | Archery Range |
| 11:31 | Research | Man-at-Arms (upgrade) |
| 11:31 | Research | Man-at-Arms (upgrade) |
| 11:32 | Research | Arson |
| 11:32 | Research | Arson |
| 11:35 | Research | Double-Bit Axe |
| 11:36 | Research | Double-Bit Axe |
| 11:36 | Queue | Villager (Male) |
| 11:39 | Research | Horse Collar |
| 11:39 | Research | Horse Collar |
| 11:42 | Queue | Villager (Male) |
| 11:42 | Queue | Villager (Male) |
| 11:57 | Queue | Villager (Male) |
| 11:57 | Queue | Villager (Male) |
| 12:17 | Build | Farm |
| 12:18 | Build | Farm |
| 12:39 | Queue | Archer |
| 12:39 | Queue | Archer |
| 12:40 | Queue | Archer |
| 12:42 | Build | House |
| 12:43 | Queue | Villager (Male) |
| 12:43 | Queue | Villager (Male) |
| 12:43 | Queue | Villager (Male) |
| 12:44 | Queue | Villager (Male) |
| 13:00 | Queue | Archer |
| 13:00 | Queue | Archer |
| 13:05 | Build | Palisade Wall |
| 13:06 | Build | Palisade Wall |
| 13:06 | Build | Palisade Wall |
| 13:07 | Build | Palisade Wall |
| 13:07 | Build | Palisade Wall |
| 13:07 | Build | Palisade Wall |
| 13:07 | Build | Palisade Wall |
| 13:23 | Queue | Villager (Male) |
| 13:23 | Queue | Villager (Male) |
| 13:24 | Queue | Villager (Male) |
| 13:25 | Build | Farm |
| 13:26 | Build | Farm |
| 13:30 | Queue | Archer |
| 13:52 | Queue | Skirmisher |
| 13:59 | Queue | Villager (Male) |
| 13:59 | Queue | Villager (Male) |
| 14:16 | Build | Farm |
| 14:17 | Build | Farm |
| 14:27 | Queue | Villager (Male) |
| 14:27 | Queue | Villager (Male) |
| 14:40 | Queue | Villager (Male) |
| 14:41 | Queue | Villager (Male) |
| 14:41 | Queue | Villager (Male) |
| 14:49 | Build | Mill |
| 14:54 | Queue | Skirmisher |
| 14:58 | Queue | Villager (Male) |
| 14:58 | Queue | Villager (Male) |
| 15:01 | Build | Farm |
| 15:08 | Build | House |
| 15:08 | Build | House |
| 15:15 | Research | Arson |
| 15:15 | Research | Arson |
| 15:16 | Queue | Villager (Male) |
| 15:16 | Queue | Villager (Male) |
| 15:16 | Queue | Villager (Male) |
| 15:23 | Queue | Skirmisher |
| 15:23 | Queue | Skirmisher |
| 15:24 | Queue | Skirmisher |
| 15:24 | Queue | Skirmisher |
| 15:41 | Queue | Skirmisher |
| 15:54 | Queue | Skirmisher |
| 15:55 | Queue | Skirmisher |
| 15:55 | Queue | Skirmisher |
| 15:56 | Queue | Villager (Male) |
| 15:57 | Queue | Villager (Male) |
| 15:57 | Queue | Villager (Male) |
| 16:03 | Build | House |
| 16:12 | Queue | Villager (Male) |
| 16:42 | Queue | Villager (Male) |
| 16:44 | Build | Blacksmith |
| 16:44 | Queue | Villager (Male) |
| 16:59 | Queue | Skirmisher |
| 17:02 | Build | Farm |
| 17:13 | Queue | Skirmisher |
| 17:29 | Research | Fletching |
| 17:29 | Research | Fletching |
| 17:37 | Queue | Skirmisher |
| 18:05 | Queue | Villager (Male) |
| 18:05 | Queue | Villager (Male) |
Build order — Pato Lucas
First 150 of 266 actions detected
| 0:00 | Queue | Villager (Male) |
| 0:00 | Queue | Villager (Male) |
| 0:01 | Queue | Villager (Male) |
| 0:01 | Queue | Villager (Male) |
| 0:01 | Queue | Villager (Male) |
| 0:02 | Build | House |
| 0:04 | Build | House |
| 1:37 | Queue | Villager (Male) |
| 1:37 | Queue | Villager (Male) |
| 1:57 | Queue | Villager (Male) |
| 1:57 | Queue | Villager (Male) |
| 2:11 | Build | Lumber Camp |
| 2:20 | Queue | Villager (Male) |
| 2:20 | Queue | Villager (Male) |
| 2:47 | Queue | Villager (Male) |
| 2:47 | Queue | Villager (Male) |
| 3:12 | Queue | Villager (Male) |
| 3:13 | Research | Loom |
| 3:23 | Build | House |
| 3:28 | Queue | Villager (Male) |
| 3:56 | Build | House |
| 4:05 | Queue | Villager (Male) |
| 4:07 | Queue | Villager (Male) |
| 4:12 | Build | House |
| 5:13 | Queue | Villager (Male) |
| 5:15 | Build | Mill |
| 5:21 | Queue | Villager (Male) |
| 5:31 | Queue | Villager (Male) |
| 5:44 | Build | Palisade Wall |
| 5:46 | Queue | Villager (Male) |
| 5:59 | Queue | Villager (Male) |
| 6:23 | Queue | Villager (Male) |
| 6:31 | Build | Palisade Wall |
| 6:35 | Build | Palisade Wall |
| 6:36 | Queue | Villager (Male) |
| 6:40 | Queue | Villager (Male) |
| 6:50 | Build | Palisade Wall |
| 6:52 | Queue | Villager (Male) |
| 6:54 | Build | Palisade Wall |
| 7:05 | Queue | Villager (Male) |
| 7:20 | Queue | Villager (Male) |
| 7:45 | Queue | Villager (Male) |
| 8:02 | Queue | Villager (Male) |
| 8:08 | Build | Palisade Wall |
| 8:10 | Queue | Villager (Male) |
| 8:12 | Build | House |
| 8:29 | Queue | Villager (Male) |
| 8:47 | Queue | Villager (Male) |
| 8:49 | Build | Farm |
| 8:51 | Build | Farm |
| 8:54 | Build | Farm |
| 9:09 | Build | House |
| 9:11 | Build | Palisade Wall |
| 9:51 | Build | Mining Camp |
| 9:58 | Research | Feudal Age |
| 10:19 | Queue | Villager (Male) |
| 10:25 | Queue | Villager (Male) |
| 11:13 | Build | Barracks |
| 11:50 | Queue | Villager (Male) |
| 12:10 | Age | Feudal Age |
| 12:21 | Build | Archery Range |
| 12:27 | Queue | Villager (Male) |
| 12:56 | Build | Mining Camp |
| 12:56 | Queue | Archer |
| 12:56 | Queue | Archer |
| 12:58 | Queue | Villager (Male) |
| 13:01 | Queue | Villager (Male) |
| 13:03 | Build | House |
| 13:24 | Build | Watch Tower |
| 13:28 | Build | House |
| 13:30 | Build | House |
| 13:31 | Queue | Villager (Male) |
| 13:31 | Queue | Villager (Male) |
| 13:44 | Queue | Villager (Male) |
| 13:47 | Queue | Villager (Male) |
| 13:54 | Queue | Villager (Male) |
| 13:57 | Queue | Archer |
| 13:57 | Queue | Archer |
| 13:59 | Queue | Archer |
| 14:00 | Queue | Archer |
| 14:15 | Queue | Villager (Male) |
| 14:15 | Queue | Villager (Male) |
| 14:22 | Queue | Archer |
| 14:23 | Queue | Archer |
| 14:26 | Queue | Villager (Male) |
| 14:43 | Queue | Archer |
| 14:46 | Queue | Villager (Male) |
| 15:03 | Build | Blacksmith |
| 15:05 | Queue | Archer |
| 15:06 | Queue | Villager (Male) |
| 15:06 | Queue | Villager (Male) |
| 15:15 | Queue | Villager (Male) |
| 15:33 | Queue | Archer |
| 15:57 | Build | House |
| 15:58 | Research | Fletching |
| 15:59 | Research | Fletching |
| 15:59 | Queue | Villager (Male) |
| 16:02 | Build | Archery Range |
| 16:10 | Queue | Villager (Male) |
| 16:17 | Queue | Archer |
| 16:29 | Queue | Archer |
| 16:37 | Queue | Archer |
| 16:42 | Queue | Villager (Male) |
| 16:43 | Build | Farm |
| 16:48 | Queue | Archer |
| 16:49 | Queue | Archer |
| 17:00 | Queue | Archer |
| 17:06 | Research | Castle Age |
| 17:13 | Queue | Villager (Male) |
| 17:23 | Build | Farm |
| 17:34 | Queue | Villager (Male) |
| 17:35 | Queue | Villager (Male) |
| 17:36 | Queue | Archer |
| 17:36 | Queue | Archer |
| 18:00 | Queue | Villager (Male) |
| 18:00 | Queue | Villager (Male) |
| 18:02 | Queue | Archer |
| 18:03 | Queue | Archer |
| 18:06 | Queue | Villager (Male) |
| 18:16 | Queue | Villager (Male) |
| 18:37 | Queue | Villager (Male) |
| 18:37 | Queue | Villager (Male) |
| 18:43 | Queue | Villager (Male) |
| 18:45 | Build | Farm |
| 18:46 | Build | Farm |
| 18:49 | Queue | Archer |
| 18:49 | Queue | Archer |
| 18:53 | Queue | Villager (Male) |
| 19:04 | Build | Farm |
| 19:10 | Build | Lumber Camp |
| 19:12 | Queue | Archer |
| 19:12 | Queue | Archer |
| 19:14 | Research | Padded Archer Armor |
| 19:15 | Research | Padded Archer Armor |
| 19:16 | Queue | Villager (Male) |
| 19:19 | Build | Farm |
| 19:22 | Queue | Archer |
| 19:22 | Queue | Archer |
| 19:51 | Age | Castle Age |
| 19:53 | Build | House |
| 19:57 | Research | Crossbowman (upgrade) |
| 19:57 | Research | Crossbowman (upgrade) |
| 19:57 | Research | Bodkin Arrow |
| 19:58 | Research | Bodkin Arrow |
| 20:24 | Queue | Villager (Male) |
| 20:27 | Queue | Villager (Male) |
| 20:28 | Queue | Villager (Male) |
| 20:57 | Queue | Villager (Male) |
| 20:58 | Queue | Archer |
| 20:58 | Queue | Archer |
Match timeline
| 2:32 | SVTT | Альпинист · first_building Barracks |
| 2:48 | SVTT | Альпинист · wall_segment Palisade Wall x1 |
| 2:51 | SVTT | Альпинист · wall_segment Palisade Wall x1 |
| 5:44 | Pato Lucas · wall_segment Palisade Wall x5 |
| 6:31 | Pato Lucas · wall_segment Palisade Wall x12 |
| 6:35 | Pato Lucas · wall_segment Palisade Wall x6 |
| 6:50 | Pato Lucas · wall_segment Palisade Wall x3 |
| 6:54 | Pato Lucas · wall_segment Palisade Wall x6 |
| 8:08 | Pato Lucas · wall_segment Palisade Wall x4 |
| 9:11 | Pato Lucas · wall_segment Palisade Wall x3 |
| 11:13 | Pato Lucas · first_building Barracks |
| 11:23 | SVTT | Альпинист · age_up feudal |
| 11:28 | SVTT | Альпинист · first_building Archery Range |
| 12:10 | Pato Lucas · age_up feudal |
| 12:21 | Pato Lucas · first_building Archery Range |
| 13:05 | SVTT | Альпинист · wall_segment Palisade Wall x1 |
| 13:06 | SVTT | Альпинист · wall_segment Palisade Wall x1 |
| 13:06 | SVTT | Альпинист · wall_segment Palisade Wall x1 |
| 13:07 | SVTT | Альпинист · wall_segment Palisade Wall x1 |
| 13:07 | SVTT | Альпинист · wall_segment Palisade Wall x1 |
| 13:07 | SVTT | Альпинист · wall_segment Palisade Wall x1 |
| 13:07 | SVTT | Альпинист · wall_segment Palisade Wall x1 |
| 19:51 | Pato Lucas · age_up castle |
| 21:38 | SVTT | Альпинист · first_market_sell 100 wood |
| 21:42 | SVTT | Альпинист · first_market_buy 100 food |
| 23:42 | Pato Lucas · first_building Siege Workshop |
| 24:37 | SVTT | Альпинист · age_up castle |
| 25:12 | Pato Lucas · wall_segment Palisade Wall x1 |
| 25:14 | Pato Lucas · wall_segment Palisade Wall x1 |
| 25:16 | Pato Lucas · wall_segment Palisade Wall x1 |
| 26:26 | SVTT | Альпинист · first_building Siege Workshop |
| 28:40 | SVTT | Альпинист · resign |
[ AI ANALYSIS · 1 CREDIT ]
What really happened in this match?
Wolo.gg analyzes every decision: build order, eco, micro, common mistakes by bracket. Personalized analysis on WhatsApp or Discord in 30 seconds.
Civ guide
Aztecs
Perfil
Jugador #6375678